 Dungeon Crawl Stone Soup version 0.22-a0-348-gd16d139 (webtiles) character file.

826 nikopol the Magician (level 7, -15/36 HPs)
             Began as a Deep Elf Fire Elementalist on Apr 10, 2018.
             Shot with an arrow by a centaur (16 damage)
             ... on level 5 of the Dungeon.
             The game lasted 00:18:02 (5243 turns).

nikopol the Magician (Deep Elf Fire Elementalist)   Turns: 5243, Time: 00:18:03

Health: -15/36     AC:  3    Str:  5    XL:     7   Next: 64%
Magic:  19/19      EV: 13    Int: 22    God:
Gold:   242        SH:  0    Dex: 15    Spells: 9/19 levels left

rFire    . . .     SeeInvis .   (no weapon)
rCold    . . .     Gourm    .   (no shield)
rNeg     . . .     Faith    .   a - +1 robe
rPois    .         Spirit   .   (no helmet)
rElec    .         Reflect  .   (no cloak)
rCorr    .         Harm     .   (no gloves)
MR       .....                  (no boots)
Stlth    ++........             (no amulet)
HPRegen  0.12/turn              (no ring)
MPRegen  0.16/turn              (no ring)

@: hasted, very quick
A: no striking features
a: no special abilities


You were on level 5 of the Dungeon.
You were not hungry.

You visited 1 branch of the dungeon, and saw 5 of its levels.
You also visited: Ossuary.

You collected 242 gold pieces.

Inventory:

Armour
 a - a +1 robe (worn)
Scrolls
 d - 2 scrolls of identify
 e - 3 scrolls of remove curse
Potions
 b - 2 potions of magic {unknown}
 f - a potion of degeneration {unknown}
 h - 4 potions of heal wounds {unknown}
 i - 2 potions of might {unknown}
 j - 5 potions of flight
 k - 6 potions of curing
 l - 2 potions of resistance {unknown}
 m - a potion of mutation {unknown}
 n - a potion of invisibility {unknown}
Comestibles
 c - 9 rations
 o - a chunk of flesh


   Skills:
 + Level 0.1 Fighting
 + Level 3.0 Dodging
 + Level 3.2 Stealth
 + Level 6.8 Spellcasting
 + Level 5.1 Conjurations
 + Level 6.3 Fire Magic


You had 9 spell levels left.
You knew the following spells:

 Your Spells              Type           Power        Failure   Level  Hunger
a - Flame Tongue          Conj/Fire      ####.        1%          1    None
b - Throw Flame           Conj/Fire      ####..       1%          2    None
c - Conjure Flame         Conj/Fire      ####....     2%          3    None
d - Sticky Flame          Conj/Fire      ####....     8%          4    ###....


Dungeon Overview and Level Annotations

Branches:
Dungeon (5/15)
 Temple: D:4-7

Altars:
Hepliaklqana
Makhleb
Okawaru
Ru
Sif Muna
Uskayaw
Wu Jian
Xom

Shops:
D:5 *?


Message History

* * * LOW HITPOINT WARNING * * *
You see here an arrow.
Okay, then.
Okay, then.
You aren't carrying any items that you can evoke.
You feel yourself speed up.
The centaur shoots an arrow.
The arrow hits you.
* * * LOW HITPOINT WARNING * * *
You see here an arrow.
The centaur shoots an arrow.
The arrow misses you.
You see here an arrow.
Found an escape hatch in the ceiling.
Found 4 gold pieces.
Found 18 bolts.
The centaur shoots an arrow.
The arrow hits you!
* * * LOW HITPOINT WARNING * * *
There is an escape hatch in the ceiling, spattered with blood here.
You see here an arrow.
The centaur shoots an arrow.
The arrow hits you!
You die...

####....# *,****** **,**
.{##..<.#* ##......##*,,*
#o.o.....####........##,**
#####......#..........#,*
#..........$......#,*
###.#.#...........#,*** **
#....#..........#,,,* ,**
*##..#..........#,,,*
,,#######.......@....#*,,,*
,,....(...............#.,,*
**#...##..#...............#
****#....##..∩....>.......#
....#*#..#...(....∩.......#
....# *#..........>.......#
....# #.#...........#...,*
....# #.#.c.#.......#.#***
....# #........####(.(#


You could see a centaur.

Vanquished Creatures
  An ogre (D:3)
  A phantom (D:4)
  3 water moccasin zombies (Ossuary)
  2 howler monkeys
  A hound (D:5)
  An orc wizard (D:5)
  An iguana (D:5)
  5 big kobold zombies (Ossuary)
  2 mummies (Ossuary)
  3 gnolls (D:2)
  A howler monkey skeleton (D:4)
  5 adders
  A shadow imp (D:5)
  An ooze (D:2)
  An adder skeleton (D:5)
  4 adder zombies (Ossuary)
  2 worms
  3 dart slugs
  2 leopard geckos
  2 orcs
  13 giant cockroaches
  A gnoll zombie (Ossuary)
  7 goblins
  6 hobgoblins
  3 quokkas
  A ball python (D:4)
  5 bats
  4 frilled lizards
  4 hobgoblin zombies (Ossuary)
  4 kobolds
  3 kobold zombies (Ossuary)
  A leopard gecko skeleton (D:4)
  2 orc zombies (Ossuary)
  7 rats
103 creatures vanquished.

Vanquished Creatures (others)
  A hound (D:5)
  A worker ant (D:5)
  2 quokka skeletons
4 creatures vanquished.

Grand Total: 107 creatures vanquished

Notes
Turn   | Place    | Note
-------+----------+-------------------------------------------
     0 | D:1      | nikopol the Deep Elf Fire Elementalist began the quest for the Orb.
     0 | D:1      | Reached XP level 1. HP: 10/10 MP: 6/6
   288 | D:1      | Reached XP level 2. HP: 11/15 MP: 2/8
   834 | D:2      | Reached XP level 3. HP: 8/19 MP: 4/9
  1452 | D:2      | Reached XP level 4. HP: 24/24 MP: 0/12
  1576 | D:2      | Found a burning altar of Makhleb.
  1584 | D:2      | Found a deep blue altar of Sif Muna.
  1584 | D:2      | Found an iron altar of Okawaru.
  1587 | D:2      | Found a hazy altar of Hepliaklqana.
  1587 | D:2      | Found an ornate altar of the Wu Jian Council.
  1589 | D:2      | Found a hide-covered altar of Uskayaw.
  1703 | D:2      | Learned a level 2 spell: Throw Flame
  1707 | D:2      | Learned a level 3 spell: Conjure Flame
  1712 | D:2      | Learned a level 4 spell: Sticky Flame
  2379 | D:3      | Found a shimmering altar of Xom.
  2472 | D:3      | Found a sacrificial altar of Ru.
  2503 | D:3      | Reached skill level 5 in Fire Magic
  2503 | D:3      | Reached XP level 5. HP: 28/28 MP: 10/14
  3031 | D:4      | Noticed an ogre
  3196 | D:4      | Reached skill level 5 in Spellcasting
  3259 | D:3      | Killed an ogre
  3259 | D:3      | Reached XP level 6. HP: 32/32 MP: 1/16
  3775 | D:5      | Entered Level 5 of the Dungeon
  4028 | D:5      | Found a sand-covered staircase.
  4033 | Ossuary  | Entered an ossuary
  4208 | Ossuary  | Reached XP level 7. HP: 36/36 MP: 13/18
  4903 | Ossuary  | Reached skill level 5 in Conjurations
  5203 | D:5      | Found Hoprom's Magic Scroll Shop.
  5206 | D:5      | Found Wigheq's General Store.
  5242 | D:5      | HP: 1/36 [centaur/arrow (8)]
  5243 | D:5      | Shot with an arrow by a centaur

Vault maps used:
D:1:      minmay_arrival_checkered_box
D:2:      grunt_temple_overflow_open, eat_drink_and_be_merry_uskayaw
D:3:      minmay_roachtagon, lemuel_doored_altar, lemuel_crystal_altar
D:4:      first_ration, lemuel_flame_loot_1
D:5:      enter_ossuary_2, serial_shops, shop, nicolae_shop_behind_doors, shop,
          lemuel_flamethrower_2
Ossuary:  ossuary_tomb_2

Skill      XL: |  1  2  3  4  5  6  7 |
---------------+----------------------+-----
Fire Magic     | 4 5 6 |  6.3
Spellcasting   | 4 5 6 |  6.8
Conjurations   | 2 3 4 5 |  5.1
Dodging        | 3 |  3.0
Stealth        | 3 |  3.2
Fighting       | |  0.1

Action                   |  1- 3 |  4- 6 |  7- 9 || total
-------------------------+-------+-------+-------++-------
 Cast: Flame Tongue      |    50 |   116 |    62 ||   228
       Throw Flame       |       |     5 |       ||     5
       Sticky Flame      |       |     2 |       ||     2
       Conjure Flame     |       |     5 |     4 ||     9
  Use: Potion            |     3 |       |     1 ||     4
       Scroll            |     1 |     6 |       ||     7
  Eat: Chunk             |     1 |     6 |       ||     7
       Ration            |       |     1 |     1 ||     2
Armor: Robe              |     6 |    10 |     3 ||    19
Dodge: Dodged            |     6 |    21 |     7 ||    34

Table legend:
 A = Spawn XP
 B = Non-spawn XP
 C = Spawn XP percentage of total XP
 D = Spawn monster count
 E = Non-spawn monster count
 F = Spawn count percentage of total count
 G = Total turns spent on level
                    A         B        C        D         E        F      G
               +---------+---------+-------+---------+---------+-------+---------
         Total |       0 |    1180 |   0.0 |       0 |     103 |   0.0 |  5243
               +---------+---------+-------+---------+---------+-------+---------
           D:1 |       0 |      20 |   0.0 |       0 |      14 |   0.0 |   710
           D:2 |       0 |     121 |   0.0 |       0 |      23 |   0.0 |  1290
           D:3 |       0 |     221 |   0.0 |       0 |      20 |   0.0 |  1283
           D:4 |       0 |     218 |   0.0 |       0 |      12 |   0.0 |   654
           D:5 |       0 |     163 |   0.0 |       0 |      10 |   0.0 |   178
       Ossuary |       0 |     437 |   0.0 |       0 |      24 |   0.0 |  1128
               +---------+---------+-------+---------+---------+-------+---------
